 Dungeon Crawl Stone Soup version 0.17.1-1-g73c8601 (console) character file.

1066 Kloppie the Cleaver (level 8, -1/77 HPs)
             Began as a Hill Orc Fighter on Dec 12, 2015.
             Was an Initiate of Elyvilon.
             Slain by an orc warrior
             ... wielding a +0 trident
              (16 damage)
             ... on level 6 of the Dungeon.
             The game lasted 00:08:05 (5027 turns).

Kloppie the Cleaver (Hill Orc Fighter)              Turns: 5027, Time: 00:08:05

Health: -1/77      AC:  8    Str: 19    XL:     8   Next: 28%
Magic:  8/8        EV:  7    Int:  8    God:    Elyvilon [......]
Gold:   324        SH:  9    Dex: 12    Spells: 0 memorised, 7 levels left

rFire  . . .     SeeInvis .     a - +0 war axe
rCold  . . .     Clarity  .     b - +0 scale mail
rNeg   . . .     SustAt   .     c - +0 shield
rPois  .         Gourm    .     G - +2 hat
rElec  .         Spirit   .     (no cloak)
rCorr  .         Warding  .     (no gloves)
rMut   .         Stasis   .     (no boots)
MR     .....                    L - amulet of faith
Stlth  ..........               K - ring of flight
                                (no ring)

@: not resistant to hostile enchantments, extremely unstealthy
A: no striking features
a: Renounce Religion, Evoke Flight


You were on level 6 of the Dungeon.
You worshipped Elyvilon.
Elyvilon was noncommittal.
You were hungry.

You visited 1 branch of the dungeon, and saw 6 of its levels.
You also visited: Sewer.

You collected 324 gold pieces.

Inventory:

Hand Weapons
 a - a +0 war axe (weapon)
Armour
 b - a +0 scale mail (worn)
 c - a +0 shield (worn)
 w - a +0 large shield
 x - a +0 plate armour
 E - a cursed -1 chain mail
 G - a +2 hat (worn)
Jewellery
 k - an uncursed ring of ice
 K - a ring of flight (right hand)
 L - an amulet of faith (around neck)
Wands
 A - a wand of magic darts (0)
Scrolls
 f - 4 scrolls of remove curse {unknown}
 g - 4 scrolls of fog {unknown}
 j - 6 scrolls of identify {unknown}
 n - 2 scrolls of magic mapping {unknown}
 q - a scroll of amnesia {unknown}
 r - 2 scrolls of fear {unknown}
 s - a scroll of blinking {unknown}
 u - a scroll of enchant armour {unknown}
 D - 2 scrolls of teleportation {unknown}
 H - a scroll of enchant weapon {unknown}
 I - a scroll of random uselessness {unknown}
Potions
 d - 2 potions of might
 h - 2 potions of cure mutation {unknown}
 i - 4 potions of degeneration {unknown}
 l - a potion of resistance {unknown}
 m - 3 potions of curing {unknown}
 p - 2 potions of lignification {unknown}
 t - a potion of poison {unknown}
 v - 2 potions of mutation {unknown}
 C - 5 potions of flight {unknown}
 J - a potion of agility {unknown}
 M - a potion of heal wounds {unknown}
Books
 o - a book of Callings

   Spells                             Type                      Level
   a - Summon Small Mammal            Summoning                    1
   b - Call Imp                       Summoning                    2
   c - Call Canine Familiar           Summoning                    3
   d - Summon Guardian Golem          Hexes/Summoning              3
   e - Summon Lightning Spire         Summoning/Air                4
   f - Summon Ice Beast               Ice/Summoning                4
 y - a book of Flames

   Spells                             Type                      Level
   a - Flame Tongue                   Conjuration/Fire             1
   b - Throw Flame                    Conjuration/Fire             2
   c - Conjure Flame                  Conjuration/Fire             3
   d - Inner Flame                    Hexes/Fire                   3
   e - Sticky Flame                   Conjuration/Fire             4
   f - Fireball                       Conjuration/Fire             5
Comestibles
 e - 6 bread rations
 z - 5 fruits
 B - a beef jerky
 F - 2 meat rations


   Skills:
 + Level 8.8 Fighting
 + Level 9.1 Axes
 - Level 3.2 Armour
 - Level 3.2 Shields


You had 7 spell levels left.
You didn't know any spells.

Dungeon Overview and Level Annotations

Branches:
Dungeon (6/15)
 Temple: D:4-7

Altars:
Cheibriados
Elyvilon
Fedhas
Makhleb
Ru
Vehumet
Xom


Message History

You are too injured to fight recklessly!
You are too injured to fight recklessly!
You hit the orc warrior.
The orc warrior is moderately wounded.
You barely miss the orc. The orc hits you but does no damage.
The orc warrior hits you with a trident!
* * * LOW HITPOINT WARNING * * *
The orc closely misses you.
You closely miss the orc warrior.
The orc warrior is moderately wounded.
You hit the orc.
The orc is heavily wounded.
The orc warrior hits you but does no damage.
You hit the orc warrior but do no damage.
The orc warrior is moderately wounded.
You closely miss the orc.
The orc is heavily wounded.
You block the orc's attack.
The orc warrior hits you with a trident!
You die...

.####.#...#. .# .#...#
....8 .# .# ..# ....#
.# .. ... ...8 .####..
#.. #_## ....# .. ####
###.# #.#. o.##
###.##.....#.####oo.##
#..........?.).o@###.#
#.#.####.###.####.#.#
#.#.## #.####..#
.....# #.......###..
#.##.# ####.......#
..##.# #.###+###
####.# #.# ####.# #.#
.....# #.#


You could see an orc warrior and 3 orcs.

Vanquished Creatures
  The ghost of Sneal the Sneak, an amateur OpAs (D:3)
  An orc warrior (D:6)
  A sky beast (D:6)
  A centaur (D:6)
  A big kobold (Sewer)
  A hound (D:6)
  A crimson imp (D:3)
  2 worker ants (D:5)
  3 orc priests
  2 orc wizards
  A giant frog skeleton (D:3)
  2 worker ant zombies (D:5)
  18 adders
  An ooze (D:2)
  2 worms
  7 giant geckos
  16 orcs
  2 ball pythons
  8 giant cockroaches
  5 goblins
  13 hobgoblins
  13 jackals
  2 quokkas
  5 bats
  7 giant newts
  13 kobolds
  13 rats
142 creatures vanquished.

Notes
Turn   | Place    | Note
--------------------------------------------------------------
     0 | D:1      | Kloppie the Hill Orc Fighter began the quest for the Orb.
     0 | D:1      | Reached XP level 1. HP: 19/19 MP: 1/1
   202 | D:1      | Reached XP level 2. HP: 25/27 MP: 2/2
   207 | D:1      | Reached skill level 4 in Fighting
   606 | D:1      | Reached XP level 3. HP: 27/34 MP: 3/3
  1506 | D:2      | Reached XP level 4. HP: 29/41 MP: 4/4
  1743 | D:2      | Reached skill level 5 in Fighting
  1748 | D:2      | Found a sacrificial altar of Ru.
  2151 | D:3      | Reached skill level 5 in Axes
  2151 | D:3      | Reached XP level 5. HP: 46/48 MP: 5/5
  2311 | D:3      | Noticed Sneal's ghost (amateur OpAs)
  2321 | D:3      | Killed Sneal's ghost
  2321 | D:3      | Reached skill level 6 in Fighting
  2321 | D:3      | Reached XP level 6. HP: 30/57 MP: 6/6
  2721 | D:3      | Found a blossoming altar of Fedhas.
  2795 | D:3      | Found a radiant altar of Vehumet.
  2796 | D:3      | Found a burning altar of Makhleb.
  3454 | D:4      | Found a shimmering altar of Xom.
  3667 | D:5      | Entered Level 5 of the Dungeon
  3670 | D:5      | Reached skill level 7 in Fighting
  3670 | D:5      | Reached XP level 7. HP: 63/66 MP: 7/7
  4213 | D:5      | Found a glowing drain.
  4217 | Sewer    | Entered a sewer
  4378 | Sewer    | Reached skill level 8 in Axes
  4397 | Sewer    | Found a glowing silver altar of Zin.
  4567 | D:6      | Found a white marble altar of Elyvilon.
  4586 | D:6      | Reached XP level 8. HP: 14/75 MP: 8/8
  4591 | D:6      | Reached skill level 9 in Axes
  4898 | D:6      | Became a worshipper of Elyvilon the Healer
  5017 | D:6      | Found a snail-covered altar of Cheibriados.
  5027 | D:6      | Slain by an orc warrior

Action                   |  1- 3 |  4- 6 |  7- 9 || total
-------------------------+-------+-------+-------++-------
Melee: War axe           |   134 |   234 |   175 ||   543
  Use: Potion            |       |       |     1 ||     1
  Eat: Chunk             |     2 |     7 |     5 ||    14
